 Dungeon Crawl Stone Soup version 0.21-a0-521-g1cd18d1 (webtiles) character file.

469 LordChaos the Covert (level 6, 0/46 HPs)
             Began as a Vampire Assassin on Dec 4, 2017.
             Slain by Guenter's ghost (9 damage)
             ... on level 4 of the Dungeon.
             The game lasted 00:15:12 (3816 turns).

LordChaos the Covert (Vampire Assassin)             Turns: 3816, Time: 00:15:13

Health: 0/46       AC:  5    Str: 15    XL:     6   Next: 82%
Magic:  6/6        EV: 21    Int: 13    God:
Gold:   124        SH:  0    Dex: 23    Spells: 5/5 levels left

rFire    . . .     SeeInvis +   a - +3 dagger
rCold    + + .     Gourm    .   (no shield)
rNeg     + + +     Faith    .   c - +0 robe
rPois    ∞         Spirit   .   i - +0 helmet
rElec    .         Reflect  .   d - +1 cloak
rCorr    .         Harm     .   (no gloves)
MR       .....                  (no boots)
Stlth    ++++++++..             (no amulet)
HPRegen  0.00/turn              s - +3 ring of evasion
MPRegen  0.10/turn              (no ring)

@: mighty, agile, bloodless, non-regenerating
A: fangs 3, see invisible, unbreathing
a: Bat Form


You were on level 4 of the Dungeon.
You were bloodless.

You visited 1 branch of the dungeon, and saw 4 of its levels.

You collected 124 gold pieces.

Inventory:

Hand Weapons
 a - a +3 dagger (weapon)
 b - a +0 blowgun
Missiles
 e - 12 poisoned needles
 f - 2 curare-tipped needles
Armour
 c - a +0 robe (worn)
 d - a +1 cloak (worn)
 i - a +0 helmet (worn)
Jewellery
 k - an uncursed amulet of the gourmand {unknown}
 s - a +3 ring of evasion (left hand)
Scrolls
 h - a scroll of enchant armour
 m - 4 scrolls of teleportation
 u - a scroll of remove curse
 v - a scroll of blinking
Potions
 g - 16 potions of blood
 l - a potion of haste
 n - a potion of flight {unknown}
 o - a potion of brilliance {unknown}
 p - a potion of degeneration {unknown}


   Skills:
 + Level 2.4 Fighting
 + Level 4.3 Short Blades
 - Level 1.5 Throwing
 + Level 2.3 Dodging
 + Level 10.3 Stealth


You had 5 spell levels left.
You didn't know any spells.

Dungeon Overview and Level Annotations

Branches:
Dungeon (4/15)
 Temple: D:4-7

Altars:
Uskayaw
Vehumet

Annotations:
D:4 Blork the orc; Guenter's ghost, amateur VSWn


Innate Abilities, Weirdness & Mutations

You do not heal naturally.
You are immune to poison.
You have razor-sharp teeth.
You have supernaturally acute eyesight. (SInv)
You can survive without breathing.


Message History

You hit Guenter's ghost but do no damage.
Guenter's ghost is moderately damaged.
Guenter's ghost hits you but does no damage.
You closely miss Guenter's ghost.
Guenter's ghost is moderately damaged.
Guenter's ghost hits you!
You puncture Guenter's ghost!
Guenter's ghost is severely damaged.
Guenter's ghost hits you.
* * * LOW HITPOINT WARNING * * *
You hit Guenter's ghost but do no damage.
Guenter's ghost is severely damaged.
You hit Guenter's ghost.
Guenter's ghost is severely damaged.
Guenter's ghost hits you.
* * * LOW HITPOINT WARNING * * *
You feel agile all of a sudden.
Guenter's ghost says, "I am invincible!"
Guenter's ghost hits you!
You die...

... #...))..........
.. #########.######
###########.######
#.................
#.###.#.##..######
##.###.#.##........
##...##.#........###
###.#.....#.####.###.#
# .......@....#
#.###.###
###.#..W..###
#........ ##...##
#####.### $....##
#.### ###### #...[
#####


You could see Guenter's ghost.

Vanquished Creatures
  2 phantoms (D:4)
  A hound (D:4)
  2 orc wizards (D:4)
  An iguana (D:4)
  Jessica (D:2)
  Robin (D:2)
  2 adders (D:2)
  2 oozes
  3 worms
  A leopard gecko (D:2)
  17 orcs
  18 goblins
  12 hobgoblins
  4 jackals (D:3)
  A quokka (D:2)
  3 ball pythons
  9 bats
  6 frilled lizards
  7 kobolds
  4 rats
97 creatures vanquished.

Notes
Turn   | Place    | Note
-------+----------+-------------------------------------------
     0 | D:1      | LordChaos the Vampire Assassin began the quest for the Orb.
     0 | D:1      | Reached XP level 1. HP: 16/16 MP: 1/1
    15 | D:1      | Reached skill level 6 in Stealth
   220 | D:1      | Reached XP level 2. HP: 22/22 MP: 2/2
   406 | D:1      | Reached skill level 7 in Stealth
   896 | D:2      | Reached XP level 3. HP: 27/27 MP: 3/3
  1105 | D:2      | Reached skill level 8 in Stealth
  1130 | D:2      | Noticed Jessica
  1140 | D:2      | Killed Jessica
  1140 | D:2      | Reached XP level 4. HP: 31/33 MP: 4/4
  1142 | D:2      | Noticed Robin
  1150 | D:2      | Killed Robin
  1762 | D:2      | Found a radiant altar of Vehumet.
  1964 | D:3      | Found a hide-covered altar of Uskayaw.
  2066 | D:3      | Reached skill level 9 in Stealth
  2066 | D:3      | Reached XP level 5. HP: 38/38 MP: 5/5
  3013 | D:4      | Noticed Blork the orc
  3462 | D:4      | Noticed a phantom
  3485 | D:4      | Killed a phantom
  3488 | D:4      | Reached XP level 6. HP: 40/44 MP: 6/6
  3523 | D:4      | Reached skill level 10 in Stealth
  3796 | D:4      | Noticed Guenter's ghost (amateur VSWn)
  3816 | D:4      | Slain by Guenter's ghost

Vault maps used:
D:1:      dpeg_arrival_rooms_c
D:2:      marbit_many_paths, uniq_robin, uniq_jessica
D:3:      eat_drink_and_be_merry_uskayaw
D:4:      uniq_blork_the_orc

Skill      XL: |  1  2  3  4  5  6 |
---------------+-------------------+-----
Stealth        | 6 7 8 9 10 | 10.3
Fighting       | 2 |  2.4
Short Blades   | 3 4 |  4.3
Dodging        | 2 |  2.3
Throwing       | |  1.5

Action                   |  1- 3 |  4- 6 || total
-------------------------+-------+-------++-------
Melee: Dagger            |    66 |   163 ||   229
       Bite              |     8 |    13 ||    21
  Use: Scroll            |     8 |     8 ||    16
       Potion            |       |     7 ||     7
 Stab: Sleeping          |    16 |    17 ||    33
       Distracted        |       |     2 ||     2
Armor: Robe              |    12 |    22 ||    34
Dodge: Dodged            |    24 |    78 ||   102

Table legend:
 A = Spawn XP
 B = Non-spawn XP
 C = Spawn XP percentage of total XP
 D = Spawn monster count
 E = Non-spawn monster count
 F = Spawn count percentage of total count
 G = Total turns spent on level
                    A         B        C        D         E        F      G
               +---------+---------+-------+---------+---------+-------+---------
         Total |       0 |     671 |   0.0 |       0 |      97 |   0.0 |  3816
               +---------+---------+-------+---------+---------+-------+---------
           D:1 |       0 |      35 |   0.0 |       0 |      21 |   0.0 |   880
           D:2 |       0 |     135 |   0.0 |       0 |      33 |   0.0 |   935
           D:3 |       0 |      76 |   0.0 |       0 |      31 |   0.0 |  1619
           D:4 |       0 |     425 |   0.0 |       0 |      12 |   0.0 |   382
               +---------+---------+-------+---------+---------+-------+---------
